 Dungeon Crawl Stone Soup version 0.31-a0-232-gb1c03b2570 (webtiles) character file.

Game seed: 10860517438838286969

55 qw the Shooter (level 3, -4/21 HPs)
             Began as a Gargoyle Hexslinger on July 7, 2023.
             Killed by divine providence
             ... invoked by an orc priest
              (10 damage)
             ... on level 3 of the Dungeon.
             The game lasted 00:00:33 (1478 turns).

qw the Shooter (Gargoyle Hexslinger)                Turns: 1478, Time: 00:00:33

Health: -4/21      AC:  5    Str: 11    XL:     3   Next: 93%
Magic:  4/4        EV: 12    Int: 13    God:
Gold:   98         SH:  0    Dex: 14    Spells: 3/4 levels left

rFire   . . .        a - +4 sling (heavy)
rCold   . . .        (no shield)
rNeg    + . .        c - +0 robe
rPois   inf          (no helmet)
rElec   +            (no cloak)
rCorr   .            (no gloves)
SInv    .            (no boots)
Will    .....        (no amulet)
Stlth   +            (no ring)
HPRegen 0.23/turn    (no ring)
MPRegen 0.09/turn

%: no passive effects
@: no status effects
A: sickness immunity, AC +3, negative energy resistance 1, electricity
resistance, torment resistance 1, petrification resistance
a: no special abilities


You were on level 3 of the Dungeon.
You visited 1 branch of the dungeon, and saw 3 of its levels.

You collected 98 gold pieces.


Innate Abilities, Weirdness & Mutations

You are immune to sickness and miasma.
Your stone body is resilient. (AC +3)
You are immune to poison.
You resist negative energy. (rN+)
You are resistant to electric shocks. (rElec)
You are resistant to unholy torment.
You are immune to petrification.


   Skills:
 - Level 2.0 Fighting
 + Level 3.7 Ranged Weapons
 - Level 1.5 Dodging
 - Level 1.0 Spellcasting
 - Level 2.6 Hexes


You had 3 spell levels left.
You knew the following spells:

 Your Spells              Type           Power      Damage    Failure   Level
a - Slow                  Hex            28%        N/A       10%         1

Your spell library contained the following spells:

 Spells                   Type           Power      Damage    Failure   Level
 Inner Flame              Hex/Fire       4%         N/A       43%         3
 Portal Projectile        Hex/Tloc       8%         N/A       43%         3
 Cause Fear               Hex            3%         N/A       67%         4

Inventory:

Hand Weapons
 a - a +4 heavy sling (weapon)
Armour
 c - a +0 robe (worn)
Scrolls
 Y - a scroll of identify
Potions
 b - a potion of curing {unknown}
 d - a potion of cancellation {unknown}
 e - a potion of enlightenment {unknown}
 h - a potion of lignification {unknown}

Dungeon Overview and Level Annotations

Branches:
Dungeon (3/15)

Altars:


Message History

a +0 short sword; 5 poisoned darts; a kobold corpse
b - a red potion
Found a scale mail.
A worm comes into view.
You shoot a sling bullet. The sling bullet hits the worm!
The worm is heavily wounded.
You shoot a sling bullet. The sling bullet hits the worm.
The worm is severely wounded.
You shoot a sling bullet. The sling bullet hits the worm.
You kill the worm!
An orc priest comes into view. It is wielding a +0 dagger.
You shoot a sling bullet. The sling bullet hits the orc priest!
The orc priest shouts!
The orc priest is almost dead.
An orc comes into view. It is wielding a +0 falchion.
The orc priest calls down the wrath of Beogh upon you.
Beogh smites you!
Ouch! That really hurt!
The orc moves out of view.
An orc comes into view. It is wielding a +0 hand axe.
1473 ||| FLEEEEING.
1474 ||| FLEEEEING.
You shoot a sling bullet. The sling bullet hits the orc priest.
The orc priest is almost dead.
You shoot a sling bullet.
The sling bullet hits the orc priest but does no damage.
The orc priest is almost dead.
You hear a shout!
The orc priest hits you with a +0 dagger.
You hear a shout!
You shoot a sling bullet.
The sling bullet barely misses the orc priest.
You hear a shout!
The orc priest barely misses you.
The orc priest miscasts a cantrip.
You shoot a sling bullet.
The sling bullet completely misses the orc priest.
The orc priest mumbles some strange prayers to Beogh against you.
Beogh smites you!
You die...

#.##..#...####.###..
#..............#.....
.......)........#####
#.###....#.....######.
###...............
#..#.###.#######
#..#.....########
######.##.............
#...o@.######.########
##.####.######.#
.o.[...........#
##.####.#####.## #.#
#.# #.# #.# ... #.#
### #.# #.#


You could see an orc priest.

Vanquished Creatures
  An adder (D:2)
  A worm (D:3)
  3 endoplasms
  A giant cockroach (D:2)
  4 goblins
  A hobgoblin (D:1)
  6 jackals (D:1)
  7 kobolds
  A quokka (D:2)
  3 ball pythons
  2 bats
  6 frilled lizards (D:1)
  6 rats
42 creatures vanquished.

Notes
Turn   | Place    | Note
-------+----------+-------------------------------------------
     0 | D:1      | qw the Gargoyle Hexslinger began the quest for the Orb.
     0 | D:1      | Reached XP level 1. HP: 12/12 MP: 2/2
     0 | D:1      | 0 ||| qw: Version: 0.3-a-46-gb1f654a
     0 | D:1      | 0 ||| qw: Game counter: 2974
     0 | D:1      | 0 ||| qw: Melee chars always use a shield: true
     0 | D:1      | 0 ||| qw: God list: Okawaru
     0 | D:1      | 0 ||| qw: Allow faded altars: false
     0 | D:1      | 0 ||| qw: Do Orc after clearing Dungeon:15 true
     0 | D:1      | 0 ||| qw: Do second Lair branch before Depths: true
     0 | D:1      | 0 ||| qw: Lair rune preference: random
     0 | D:1      | 0 ||| qw: Goals: Normal
     0 | D:1      | 0 ||| PLANNING D:1-11
    65 | D:1      | Reached XP level 2. HP: 11/16 MP: 3/3
   257 | D:1      | Reached skill level 3 in Ranged Weapons
   598 | D:1      | Reached XP level 3. HP: 21/21 MP: 4/4
   744 | D:1      | 744 ||| DROPPING ring of magical power.
   745 | D:1      | 745 ||| READING 2 scrolls labelled YMIYKHAD YNEUX.
   746 | D:1      | 746 ||| READING scroll labelled RYOR YXOSUSH.
   747 | D:1      | 747 ||| DRINKING 2 metallic cyan potions.
   748 | D:1      | 748 ||| DROPPING scroll of amnesia.
   749 | D:1      | 749 ||| DROPPING scroll of poison.
   750 | D:1      | 750 ||| DROPPING potion of brilliance.
   777 | D:2      | 777 ||| SWAPPING to +4 heavy sling.
   778 | D:2      | 778 ||| DROPPING +2 sling.
  1394 | D:2      | 1394 ||| READING 2 scrolls labelled WIOCUKKASI.
  1473 | D:3      | 1473 ||| FLEEEEING.
  1474 | D:3      | 1474 ||| FLEEEEING.
  1476 | D:3      | HP: 5/21 [orc priest/+0 dagger (2)]
  1478 | D:3      | Killed from afar by an orc priest

Levels and vault maps discovered:
D:1:      dpeg_arrival_short_road, layout_loops_ring
D:2:      layout_basic, bh_walls_and_bars
D:3:      layout_basic, minmay_checkerbox, uniq_terence

Skill      XL: |  1  2 |
---------------+-------+-----
Ranged Weapons | 3 |  3.7
Fighting       | 2 |  2.0
Dodging        | |  1.5
Spellcasting   | |  1.0
Hexes          | |  2.6

Action                     || total
---------------------------++-------
   Fire: Sling             ||   120
    Use: Scroll            ||     3
         Potion            ||     1
 Armour: Robe              ||    14
  Dodge: Dodged            ||    36

Table legend:
 A = Non-vault XP
 B = Vault XP
 C = Vault XP percentage of total XP
 D = Non-vault monster count
 E = Vault monster count
 F = Vault count percentage of total count
                 A         B        C        D         E       F
            +---------+---------+-------+---------+---------+-------
      Total |      79 |       0 |   0.0 |      42 |       0 |   0.0
            +---------+---------+-------+---------+---------+-------
        D:1 |      37 |       0 |   0.0 |      25 |       0 |   0.0
        D:2 |      34 |       0 |   0.0 |      14 |       0 |   0.0
        D:3 |       8 |       0 |   0.0 |       3 |       0 |   0.0
            +---------+---------+-------+---------+---------+-------
